Map: [ESL] Dynasty

Players

Clem - Winner!

  • Race: Terran Terran
  • Spawn Location: 1:00

Reynor

  • Race: Zerg Zerg
  • Spawn Location: 7:00

Event: ESL SC2 Masters 2024 Spring (Regional)

VOD

Have the link to the VOD?

Description

Time

  • Played on: May 4, 2024, 10:23 a.m.
  • Length: 15:19

All games in this series

Show
View Real Time Build Order
Export as new Build Order

Clem Terran - Winner!

Build Orders: Reaper Expand 

Get SALT Encoding   

  12  0:00  SCV  
  13  0:12  SCV  
  14  0:16  Supply Depot  
  14  0:24  SCV  
  15  0:38  SCV  
  15  0:39  Barracks  
  16  0:43  Refinery  
  16  0:50  SCV  
  17  1:02  SCV  
  18  1:14  SCV  
  19  1:27  Reaper  
  19  1:28  Orbital Command  
  20  1:38  Command Center  
  20  1:45  Supply Depot  
  20  1:53  SCV  
  21  1:59  Marine  
  22  2:09  SCV, Factory  
  23  2:21  SCV  
  23  2:22  Barracks Reactor  
  24  2:33  SCV  
  25  2:41  Command Center  
  25  2:45  SCV  
  25  2:52  Orbital Command  
  25  2:57  SCV  
  26  3:00  Cyclone  
  26  3:03  Cyclone  
  30  3:09  SCV, Barracks Tech Lab  
  31  3:18  SCV  
  32  3:21  SCV  
  33  3:27  Marine  
  33  3:30  SCV  
  33  3:33  SCV, Hellion  
  37  3:35  Hellion  
  39  3:42  SCV  
  39  3:44  Stimpack, Refinery  
  39  3:45  Barracks, Marine  
  39  3:47  SCV  
  42  3:54  SCV  
  43  3:57  Orbital Command  
  43  3:59  SCV  
  43  4:03  Hellion, Marine  
  43  4:06  SCV  
  43  4:07  Hellion  
  49  4:11  SCV  
  50  4:19  SCV  
  50  4:21  Marine  
  50  4:23  SCV x2  
  54  4:25  Supply Depot  
  54  4:31  SCV  
  54  4:35  SCV  
  54  4:36  SCV  
  55  4:39  Starport, Marine  
  55  4:43  SCV  
  57  4:46  Marine x2  
  57  4:47  SCV, Factory Reactor  
  57  4:49  SCV  
  61  4:53  Engineering Bay  
  61  4:54  Engineering Bay  
  61  4:55  SCV, Refinery  
  61  4:57  Marine  
  61  4:59  SCV, Supply Depot  
  64  5:01  SCV  
  64  5:03  Marine x2  
  67  5:07  SCV  
  67  5:09  Barracks  
  67  5:12  SCV  
  69  5:17  Supply Depot, Refinery  
  69  5:20  SCV x2, Marine  
  72  5:21  Marine  
  72  5:25  Cyclone  
  72  5:26  Cyclone  
  71  5:34  Medivac  
  71  5:35  SCV  
  74  5:36  SCV x2  
  74  5:39  Terran Infantry Weapons Level 1  
  76  5:43  Marine  
  76  5:44  Supply Depot  
  76  5:47  SCV, Marine  
  76  5:48  SCV  
  76  5:49  Combat Shield  
  80  5:50  Marine  
  80  5:51  SCV  
  80  5:54  Supply Depot  
  80  5:59  SCV  
  80  6:00  SCV  
  80  6:03  SCV  
  82  6:05  Factory Tech Lab  
  82  6:08  Marine x2  
  82  6:10  Starport Reactor  
  84  6:11  SCV  
  84  6:12  SCV, Marine  
  84  6:13  Marine  
  84  6:14  Supply Depot  
  84  6:15  SCV  
  89  6:18  Marine  
  89  6:20  Barracks  
  89  6:21  Supply Depot  
  89  6:22  Barracks  
  89  6:23  SCV  
  89  6:25  SCV  
  89  6:26  Marine x2  
  89  6:27  Siege Tank  
  89  6:30  Marine  
  89  6:31  Supply Depot, Bunker, Marine  
  95  6:33  SCV  
  95  6:36  SCV, Marine  
  95  6:38  SCV  
  99  6:43  Marine  
  99  6:44  Marine  
  99  6:45  SCV  
  102  6:48  Marine  
  102  6:49  Medivac x2  
  102  6:50  Marine  
  102  6:54  SCV  
  99  6:55  SCV, Marine  
  99  6:59  SCV  
  83  7:01  Marine  
  83  7:02  Marine  
  83  7:04  Siege Tank  
  83  7:06  SCV, Marine  
  83  7:08  SCV, Marine  
  84  7:10  Barracks Reactor x2  
  84  7:12  Marine  
  84  7:13  SCV  
  85  7:18  SCV  
  85  7:19  Medivac  
  85  7:20  SCV, Supply Depot  
  85  7:21  Terran Infantry Armor Level 1, Marine  
  85  7:22  Marine  
  91  7:25  SCV  
  91  7:27  Marine x2  
  94  7:30  SCV  
  94  7:32  SCV  
  94  7:33  Marine  
  94  7:36  Medivac  
  98  7:39  Marine  
  98  7:40  SCV, Marine  
  101  7:45  Supply Depot, Marine x2  
  101  7:46  Armory, Marine  
  101  7:47  SCV  
  101  7:50  Marine x3  
  107  7:51  Marine  
  107  7:52  SCV  
  107  7:54  SCV  
  107  7:56  Marine  
  102  7:59  SCV  
  102  8:01  Marine  
  102  8:03  Siege Tank, Marine x2  
  102  8:04  Marine  
  102  8:05  SCV, Supply Depot  
  111  8:08  SCV, Marine  
  111  8:10  Marine  
  111  8:11  SCV  
  114  8:13  Viking  
  114  8:17  Marine  
  117  8:20  Medivac, Supply Depot, Marine  
  117  8:23  Marine x2  
  117  8:24  SCV  
  117  8:25  SCV  
  122  8:28  Marine x2  
  122  8:30  Marine  
  122  8:31  Marine  
  122  8:32  Marine  
  125  8:34  SCV  
  125  8:36  SCV  
  125  8:38  SCV  
  127  8:41  Marine x2  
  127  8:42  Marine  
  127  8:46  SCV, Marine  
  127  8:47  Marine  
  127  8:48  SCV, Marine  
  129  8:50  SCV, Siege Tank  
  129  8:55  Supply Depot  
  134  8:57  Marine  
  134  8:58  SCV, Marine  
  134  9:00  SCV  
  134  9:01  Marine  
  134  9:03  SCV  
  134  9:04  Marine  
  134  9:05  Marine  
  134  9:07  Marine x2  
  138  9:10  SCV  
  138  9:11  Supply Depot, Terran Infantry Weapons Level 2  
  138  9:15  Marine  
  138  9:16  Marine x2  
  138  9:17  Supply Depot, Marine  
  141  9:19  Marine  
  141  9:23  Terran Infantry Armor Level 2  
  143  9:24  Factory  
  143  9:27  Supply Depot  
  140  9:39  Siege Tank, Marine x2  
  140  9:40  Refinery, Marine x2  
  140  9:42  Command Center, Marine  
  140  9:44  SCV x2  
  149  9:49  SCV  
  149  9:52  Marine x2  
  151  9:56  SCV x2, Marine x2  
  152  10:01  SCV  
  152  10:02  Marine  
  152  10:04  Medivac  
  152  10:05  Marine  
  152  10:06  Marine x3  
  160  10:08  SCV  
  160  10:09  SCV  
  160  10:12  Siege Tank, Supply Depot  
  165  10:14  Factory Tech Lab  
  165  10:16  Marine x4  
  165  10:19  Marine  
  170  10:23  Marine  
  170  10:24  Marine x2  
  170  10:25  Marine  
  173  10:32  Barracks, Terran Vehicle Weapons Level 1  
  173  10:34  Barracks  
  173  10:36  Barracks  
  173  10:37  Concussive Shells  
  173  10:38  Siege Tank  
  173  10:39  Marine  
  173  10:40  Marine  
  176  10:43  Marine x2  
  176  10:44  Marine  
  176  10:45  Marine  
  176  10:46  Marine  
  181  10:53  Siege Tank  
  180  10:59  Marine  
  180  11:00  Marine x2  
  180  11:01  Marine  
  180  11:04  Marine x2  
  180  11:07  Supply Depot  
  180  11:08  Sensor Tower  
  180  11:09  Marine x2  
  180  11:10  Siege Tank  
  187  11:17  Viking  
  189  11:19  Supply Depot  
  189  11:22  Barracks Tech Lab x2  
  189  11:24  Barracks Tech Lab  
  189  11:28  Siege Tank, Marine  
  189  11:31  Marine  
  187  11:32  Marine  
  187  11:33  Marine x2  
  187  11:34  Marine  
  187  11:36  SCV  
  187  11:38  SCV  
  191  11:40  SCV  
  191  11:43  SCV  
  186  11:48  SCV  
  186  11:53  Siege Tank  
  190  11:56  Marauder, Marine  
  190  11:58  Marine  
  190  12:00  Marine  
  192  12:05  Siege Tank  
  195  12:11  Planetary Fortress  
  195  12:13  Marine  
  178  12:17  Marine  
  178  12:18  Marine  
  159  12:30  Siege Tank  
  159  12:35  Marine x2  
  159  12:36  SCV, Marine  
  156  12:37  Siege Tank  
  156  12:39  Marine  
  156  12:41  SCV  
  156  12:42  Marine  
  156  12:43  SCV  
  153  12:49  SCV  
  153  12:50  SCV  
  153  12:51  Marine  
  154  12:53  SCV  
  150  13:00  Marine  
  150  13:01  Marine  
  150  13:02  SCV  
  150  13:03  Medivac  
  150  13:04  SCV  
  141  13:08  SCV, Marauder  
  141  13:09  Marine  
  144  13:15  Siege Tank, Marine  
  144  13:16  Marine  
  149  13:20  Marine x2  
  149  13:22  SCV x2  
  149  13:25  Marauder  
  154  13:27  Missile Turret  
  154  13:38  Siege Tank  
  157  13:46  Marine  
  157  13:47  Siege Tank, Marauder x2, Marine x2  
  157  13:48  Marine  
  163  13:50  Marine  
  163  13:52  Medivac  
  163  13:53  Medivac, Marine  
  166  13:58  Marine  
  166  14:01  Marine  
  159  14:03  Marine  
  159  14:04  Marine x2  
  159  14:06  Marine x2  
  159  14:08  Marine  
  159  14:09  SCV  
  157  14:14  Marauder x2  
  157  14:15  Refinery  
  157  14:16  Refinery, Marine  
  159  14:19  Siege Tank  
  159  14:20  Marine x3  
  159  14:23  Siege Tank  
  167  14:33  Command Center  
  167  14:37  Ghost Academy  
  172  15:08  Command Center  
Show
View Real Time Build Order
Export as new Build Order

Reynor Zerg 

Build Orders: Hatch First, Lurkers 

Get SALT Encoding   

  12  0:00  Drone  
  13  0:08  Drone  
  14  0:14  Extractor  
  14  0:15  Drone  
  15  0:39  Hatchery  
  14  0:42  Extractor  
  14  0:43  Drone  
  14  0:49  Overlord  
  15  1:04  Spawning Pool  
  14  1:07  Drone  
  14  1:10  Drone  
  16  1:14  Drone  
  17  1:21  Drone  
  18  1:30  Drone  
  19  1:41  Drone  
  20  1:51  Queen x2  
  20  1:52  Zergling x2  
  20  1:53  Drone  
  26  2:01  Overlord  
  26  2:02  Drone  
  26  2:03  Unknown  
  26  2:12  Zergling x2  
  26  2:13  Drone  
  28  2:23  Drone  
  28  2:26  Queen  
  28  2:27  Queen  
  28  2:28  Drone  
  34  2:34  Overlord  
  34  2:36  Drone  
  35  2:45  Roach Warren  
  35  2:46  Drone  
  35  2:48  Drone  
  36  2:55  Drone  
  36  2:56  Overlord  
  37  3:01  Drone  
  37  3:02  Drone x2  
  40  3:06  Lair  
  40  3:11  Drone  
  41  3:18  Overlord  
  41  3:26  Drone  
  41  3:27  Pneumatized Carapace  
  42  3:32  Roach x2  
  42  3:33  Roach x2  
  49  3:35  Overlord  
  49  3:38  Roach x2  
  49  3:41  Overlord  
  52  3:45  Overlord  
  52  3:52  Roach x3  
  52  3:54  Overlord  
  58  4:08  Overlord  
  58  4:10  Roach  
  58  4:11  Roach  
  58  4:13  Queen  
  64  4:18  Roach  
  64  4:20  Overlord  
  64  4:27  Hatchery  
  64  4:30  Roach x3  
  64  4:39  Drone  
  64  4:40  Queen  
  67  4:49  Drone  
  67  4:50  Drone x2  
  67  4:51  Drone  
  71  4:56  Glial Reconstitution  
  71  4:58  Overlord  
  71  5:04  Drone  
  72  5:08  Drone  
  72  5:10  Queen  
  72  5:13  Evolution Chamber  
  74  5:14  Overlord  
  64  5:31  Roach x2  
  64  5:32  Roach x4  
  64  5:35  Extractor  
  69  5:36  Queen  
  69  5:37  Overlord  
  69  5:39  Queen  
  73  5:47  Roach x3  
  73  5:48  Queen  
  81  5:51  Roach  
  81  5:53  Roach  
  85  6:00  Roach  
  85  6:01  Roach  
  85  6:02  Roach  
  91  6:06  Overlord  
  91  6:07  Roach x2  
  91  6:09  Roach  
  97  6:13  Overlord  
  97  6:15  Roach x2  
  97  6:17  Overlord  
  101  6:21  Roach  
  101  6:23  Overlord  
  103  6:27  Ravager  
  103  6:30  Roach  
  103  6:31  Queen  
  108  6:37  Roach x2  
  111  6:44  Ravager  
  111  6:45  Overlord  
  100  6:55  Roach x3  
  100  6:58  Overlord  
  100  6:59  Roach  
  90  7:03  Roach x2  
  90  7:06  Drone x3  
  90  7:07  Drone x4  
  91  7:10  Overlord  
  91  7:13  Drone x2  
  93  7:18  Ravager  
  93  7:19  Drone x2  
  96  7:26  Drone  
  96  7:28  Extractor  
  96  7:29  Drone x2, Extractor  
  97  7:32  Zerg Ground Armor Level 1  
  97  7:34  Roach  
  99  7:40  Drone x2  
  99  7:41  Drone x2  
  103  7:50  Hatchery  
  100  7:55  Drone x3  
  103  8:00  Roach x5  
  103  8:01  Roach  
  103  8:04  Evolution Chamber  
  114  8:08  Roach x2  
  114  8:11  Ravager  
  117  8:13  Roach x2  
  117  8:18  Drone x4  
  125  8:23  Roach x2  
  125  8:31  Ravager  
  125  8:33  Roach x4  
  134  8:39  Roach x3  
  141  8:43  Overlord  
  141  8:44  Hatchery  
  138  8:54  Drone x4  
  138  8:55  Zerg Missile Weapons Level 1  
  139  8:57  Roach x2, Infestation Pit, Extractor  
  139  8:59  Drone  
  139  9:04  Roach x2  
  139  9:07  Ravager x2  
  145  9:14  Overlord  
  143  9:27  Zerg Ground Armor Level 2  
  143  9:29  Drone x3  
  143  9:30  Drone x3  
  145  9:34  Overlord  
  145  9:37  Hive  
  140  9:39  Extractor  
  140  9:41  Extractor  
  138  9:53  Roach x3, Hydralisk Den  
  138  9:57  Drone x3  
  138  9:58  Roach x2  
  146  10:19  Overlord  
  146  10:23  Lurker Den  
  146  10:24  Metabolic Boost  
  146  10:28  Infestor  
  143  10:30  Queen  
  143  10:34  Drone x7  
  150  10:47  Hydralisk x4  
  150  10:48  Hydralisk  
  160  10:54  Overlord  
  160  10:56  Overlord  
  156  11:00  Viper  
  156  11:01  Hydralisk x2  
  156  11:03  Zergling x28  
  175  11:10  Roach  
  177  11:14  Hydralisk x2  
  181  11:23  Overlord  
  177  11:39  Lurker x4  
  176  11:42  Zergling x20  
  184  11:47  Zergling x6, Hatchery  
  184  11:51  Lurker  
  184  11:57  Seismic Spines  
  184  12:00  Lurker  
  174  12:02  Zergling x10  
  179  12:14  Hydralisk  
  179  12:15  Hydralisk  
  154  12:23  Hydralisk  
  154  12:29  Hydralisk  
  141  12:30  Zergling x6  
  127  12:37  Hydralisk  
  127  12:39  Queen x2  
  127  12:41  Hydralisk x2  
  128  12:46  Lurker  
  120  12:54  Hydralisk, Zergling x2  
  120  13:00  Hydralisk  
  120  13:02  Hydralisk  
  120  13:04  Lurker  
  114  13:10  Hydralisk  
  116  13:14  Queen, Hatchery  
  116  13:17  Hydralisk  
  119  13:23  Lurker  
  119  13:37  Lurker  
  119  13:38  Zergling x14  
  127  13:48  Zergling x2  
  128  13:50  Queen  
  128  13:52  Hydralisk x2, Zergling x4  
  128  13:55  Queen  
  134  13:57  Hydralisk  
  134  14:00  Hydralisk  
  120  14:13  Lurker x2  
  120  14:14  Hydralisk, Zergling x2  
  125  14:18  Hydralisk  
  127  14:25  Zergling x2  
  127  14:26  Queen  
  127  14:27  Lurker  
  126  14:39  Hydralisk  
  126  14:40  Zergling x4  
  126  14:41  Hatchery  
  126  14:45  Hydralisk  
  126  14:46  Zergling x6  
  126  14:48  Hatchery  
  124  14:53  Hydralisk  
  124  14:54  Zergling x2  
  124  14:57  Lurker x2  
  127  15:13  Hatchery  
Tags
 
Add a new tag
Caveats
  • Supply blocks, unpowered buildings, or Contaminate may cause inaccurate times.
  • Supply counts are checked every 10 seconds.